 Dungeon Crawl Stone Soup version 0.21.1-1-g345015fe64 (webtiles) character file.

135 KleinerIrrer the Shield-Bearer (level 5, -11/42 HPs)
             Began as a Formicid Fighter on Mar 17, 2018.
             Mangled by an ogre
             ... wielding a +0 giant club
              (28 damage)
             ... on level 3 of the Dungeon.
             The game lasted 00:03:10 (1800 turns).

KleinerIrrer the Shield-Bearer (Formicid Fighter)   Turns: 1800, Time: 00:03:11

Health: -11/42     AC: 11    Str: 22    XL:     5   Next: 41%
Magic:  5/5        EV:  4    Int:  7    God:
Gold:   54         SH:  9    Dex: 10    Spells: 4/4 levels left

rFire    . . .     SeeInvis +   a - +0 war axe
rCold    . . .     Gourm    .   c - +0 shield
rNeg     . . .     Faith    .   m - +0 plate armour
rPois    .         Spirit   .   (helmet unavailable)
rElec    .         Reflect  .   (no cloak)
rCorr    .         Harm     .   (no gloves)
MR       .....                  (no boots)
Stlth    ..........             (no amulet)
HPRegen  0.14/turn              (no ring)
MPRegen  0.09/turn              (no ring)

@: no status effects
A: permanent stasis, dig shafts and tunnels, four strong arms, antennae 3
a: Dig, Shaft Self


You were on level 3 of the Dungeon.
You were not hungry.

You visited 1 branch of the dungeon, and saw 3 of its levels.

You collected 54 gold pieces.

Inventory:

Hand Weapons
 a - a +0 war axe (weapon)
Missiles
 i - 7 bolts
 j - 38 arrows
Armour
 b - a +0 scale mail
 c - a +0 shield (worn)
 m - a +0 plate armour (worn)
 p - a +1 ring mail of cold resistance
Scrolls
 e - a scroll of enchant weapon {unknown}
 g - 3 scrolls of remove curse {unknown}
 h - a scroll of teleportation {unknown}
 l - 2 scrolls of identify {unknown}
Potions
 d - a potion of might
 k - a potion of resistance {unknown}
 n - a potion of curing {unknown}
 q - a potion of lignification {unknown}
Comestibles
 f - 3 rations
 o - 2 chunks of flesh


   Skills:
 + Level 3.9 Fighting
 + Level 3.6 Axes
 * Level 4.2 Armour
 + Level 4.3 Shields


You had 4 spell levels left.
You didn't know any spells.

Dungeon Overview and Level Annotations

Branches:
Dungeon (3/15)

Altars:
Kikubaaqudgha
Uskayaw


Innate Abilities, Weirdness & Mutations

You cannot be hasted, slowed, berserked, paralysed or teleported.
You can dig through walls and to a lower floor.
Your four strong arms can wield two-handed weapons with a shield.
You have a pair of large antennae on your head. (SInv)


Message History

You are too injured to fight recklessly!
You are too injured to fight recklessly!
You are too injured to fight recklessly!
You are too injured to fight recklessly!
You are too injured to fight recklessly!
You are too injured to fight recklessly!
You are too injured to fight recklessly!
You are too injured to fight recklessly!
You are too injured to fight recklessly!
You completely miss the ogre.
The ogre is moderately wounded.
The ogre barely misses you.
You hit the ogre.
The ogre is heavily wounded.
You block the ogre's attack.
Your shield and plate armour prevent you from hitting the ogre.
The ogre is heavily wounded.
The ogre hits you with a giant club!!
Ouch! That really hurt!
You die...

#### .# ###...# .#
#)Ogg.# #.# #@#{ #.#
#.### #. #.# #...#
###.####.########..#
......>...#........#
.......<#.........##
###.##....#.#######
#.........######
####.#...........


You could see an ogre and 2 goblins.

Vanquished Creatures
  Jessica (D:2)
  2 adders (D:2)
  4 gnolls (D:2)
  3 worms (D:2)
  2 dart slugs
  A leopard gecko (D:1)
  An orc (D:3)
  5 bats
  A giant cockroach (D:1)
  8 goblins
  3 hobgoblins
  A quokka (D:2)
  3 frilled lizards
  5 kobolds (D:1)
  A rat (D:2)
41 creatures vanquished.

Notes
Turn   | Place    | Note
-------+----------+-------------------------------------------
     0 | D:1      | KleinerIrrer the Formicid Fighter began the quest for the Orb.
     0 | D:1      | Reached XP level 1. HP: 18/18 MP: 1/1
   128 | D:1      | Reached XP level 2. HP: 5/24 MP: 2/2
   739 | D:2      | Reached XP level 3. HP: 26/30 MP: 3/3
   887 | D:2      | Found an ancient bone altar of Kikubaaqudgha.
  1076 | D:2      | Noticed Jessica
  1083 | D:2      | Killed Jessica
  1083 | D:2      | Reached XP level 4. HP: 20/37 MP: 4/4
  1462 | D:2      | Reached XP level 5. HP: 42/42 MP: 5/5
  1594 | D:2      | Noticed a dagger
  1651 | D:2      | Found a hide-covered altar of Uskayaw.
  1651 | D:2      | Noticed a hand axe
  1786 | D:3      | Noticed an ogre
  1800 | D:3      | Mangled by an ogre

Skill      XL: |  1  2  3  4 |
---------------+-------------+-----
Shields        | 4 |  4.3
Axes           | 3 |  3.6
Armour         | 4 |  4.2
Fighting       | |  3.9

Action                   |  1- 3 |  4- 6 || total
-------------------------+-------+-------++-------
Melee: War axe           |    93 |    60 ||   153
  Eat: Chunk             |     1 |     2 ||     3
Armor: Scale mail        |    32 |       ||    32
       Plate armour      |    29 |    30 ||    59
Dodge: Dodged            |    25 |    13 ||    38
Block: Shield            |    47 |    22 ||    69
